 Dungeon Crawl Stone Soup version 0.23-a0-143-g1adec7b (webtiles) character file.

573 iamserjio the Insei (level 7, -3/48 HPs)
             Began as an Octopode Summoner on Sept 2, 2018.
             Was an Initiate of Cheibriados.
             Slain by a gnoll
             ... wielding a +0 spear
              (9 damage)
             ... on level 5 of the Dungeon.
             The game lasted 00:09:13 (5787 turns).

iamserjio the Insei (Octopode Summoner)             Turns: 5787, Time: 00:09:14

Health: -3/48      AC:  1    Str:  8    XL:     7   Next: 34%
Magic:  17/19      EV: 13    Int: 20    God:    Cheibriados [......]
Gold:   176        SH:  0    Dex: 14    Spells: 2/10 levels left

rFire    . . .     SeeInvis .     - Unarmed
rCold    . . .     Gourm    .   (no shield)
rNeg     . . .     Faith    .   (helmet restricted)
rPois    .         Spirit   .   (no amulet)
rElec    .         Reflect  .   q - ring of magical power
rCorr    .         Harm     .   (no ring)
MR       .....                  (no ring)
Stlth    +++.......             (no ring)
HPRegen  0.16/turn              (no ring)
MPRegen  0.16/turn              (no ring)
                                (no ring)
                                (no ring)

@: very slow
A: almost no armour, stealthy swim, amphibious, 8 rings, constrict 8, camouflage
1, gelatinous body 1
a: Bend Time, Renounce Religion


You were on level 5 of the Dungeon.
You worshipped Cheibriados.
Cheibriados was noncommittal.
You were not hungry.

You visited 1 branch of the dungeon, and saw 5 of its levels.

You collected 176 gold pieces.

Inventory:

Missiles
 j - 8 arrows
Jewellery
 q - a ring of magical power (left tentacle)
Wands
 r - a wand of flame (25)
Scrolls
 a - 2 scrolls of magic mapping {unknown}
 c - 2 scrolls of teleportation {unknown}
 d - 3 scrolls of remove curse {@r2}
 f - a scroll of blinking {unknown}
 g - a scroll of fog {unknown}
 i - 2 scrolls of immolation {unknown}
 k - 3 scrolls of amnesia {unknown}
 m - a scroll of random uselessness {unknown}
Potions
 e - a potion of degeneration
 h - a potion of resistance
 n - a potion of mutation
 o - a potion of might
 p - a potion of berserk rage
 s - a potion of ambrosia
Comestibles
 b - 9 rations
 t - 2 chunks of flesh


   Skills:
 + Level 4.1 Fighting
 - Level 2.0 Dodging
 - Level 2.6 Stealth
 * Level 6.1 Unarmed Combat
 - Level 2.0 Spellcasting
 - Level 4.0 Summonings


You had 2 spell levels left.
You knew the following spells:

 Your Spells              Type           Power        Failure   Level  Hunger
a - Summon Small Mammal   Summ           ###.         3%          1    #......
b - Call Canine Familiar  Summ           ###.....     9%          3    ###....
c - Summon Lightning Spi  Summ/Air       ##......     56%         4    #####..

Your spell library contained the following spells:

 Spells                   Type           Power        Failure   Level  Hunger
 Call Imp                 Summ           ###.....     4%          2    ##.....
 Summon Guardian Golem    Hex/Summ       ##......     21%         3    ###....
 Summon Ice Beast         Ice/Summ       ##......     56%         4    #####..


Dungeon Overview and Level Annotations

Branches:
Dungeon (5/15)
 Temple: D:4-7

Altars:
Cheibriados
Gozag
The Shining One

Shops:
D:4 %


Innate Abilities, Weirdness & Mutations

You cannot wear most types of armour.
You are very stealthy in the water. (Stealth+)
You are amphibious.
You can wear up to eight rings at the same time.
You can use your tentacles to constrict eight enemies at once.
Your skin changes colour to match your surroundings (Stealth+).
Your rubbery body absorbs attacks. (AC +1, EV +1)


Message History

You are too injured to fight recklessly!
You are too injured to fight recklessly!
You tentacle-slap the gnoll. Your grab misses the gnoll.
The gnoll is heavily wounded.
Your hound bites the hound skeleton.
The gnoll closely misses you. The hound skeleton bites you.
* * * LOW HITPOINT WARNING * * *
You tentacle-slap the gnoll. You grab the gnoll. You squeeze the gnoll.
The gnoll is almost dead.
You constrict the gnoll, but do no damage.
Your hound bites the hound skeleton.
The gnoll hits you with a spear.
* * * LOW HITPOINT WARNING * * *
The hound skeleton bites you.
* * * LOW HITPOINT WARNING * * *
Your hound barely misses the hound skeleton.
You tentacle-slap the gnoll but do no damage.
The gnoll is almost dead.
You constrict the gnoll.
Your hound bites the hound skeleton.
The hound skeleton bites your hound. The gnoll hits you with a spear!
You die...

..### ##..
#.... ...#
#.... ...
##.... ..#
##.....#..#
..........#
......gZ.$#
.......@h#
.......<.#
...............
..............#
#............##
##............#
##...........#
..#..........
#.###..#######


You could see a gnoll, a hound skeleton and a friendly hound.

Vanquished Creatures
  2 ogres (D:4)
  3 hounds (D:4)
  An iguana (D:4)
  2 orc wizards
  2 worker ants
  5 adders
  5 gnolls
  3 worms
  4 dart slugs
  3 leopard geckos
  11 orcs
  2 ball pythons
  3 giant cockroaches (D:1)
  2 goblins
  5 hobgoblins
  3 jackals
  5 bats
  4 frilled lizards
  4 kobolds
  6 rats
75 creatures vanquished.

Vanquished Creatures (collateral kills)
  An orc wizard (D:4)
  Terence (D:3)
  2 adders
  A dart slug (D:3)
  An orc (D:4)
  2 jackals (D:3)
  2 bats (D:1)
10 creatures vanquished.

Grand Total: 85 creatures vanquished

Notes
Turn   | Place    | Note
-------+----------+-------------------------------------------
     0 | D:1      | iamserjio the Octopode Summoner began the quest for the
                  | Orb.
     0 | D:1      | Reached XP level 1. HP: 11/11 MP: 3/3
   239 | D:1      | Reached skill level 1 in Unarmed Combat
   445 | D:1      | Reached XP level 2. HP: 10/18 MP: 1/5
   750 | D:1      | Reached skill level 1 in Fighting
  1129 | D:1      | Reached skill level 2 in Unarmed Combat
  1129 | D:1      | Reached XP level 3. HP: 14/23 MP: 6/6
  1644 | D:2      | Learned a level 3 spell: Call Canine Familiar
  2426 | D:3      | Reached XP level 4. HP: 29/29 MP: 7/7
  2526 | D:3      | Reached skill level 3 in Unarmed Combat
  2842 | D:3      | Noticed Terence
  2918 | D:3      | Killed Terence
  3196 | D:3      | Reached XP level 5. HP: 23/35 MP: 8/8
  3913 | D:3      | Reached skill level 4 in Unarmed Combat
  4255 | D:3      | Found a glowing golden altar of the Shining One.
  4261 | D:3      | Found a snail-covered altar of Cheibriados.
  4272 | D:3      | Became a worshipper of Cheibriados the Contemplative
  4440 | D:4      | Learned a level 4 spell: Summon Lightning Spire
  4450 | D:4      | Found Jerats's Food Boutique.
  4460 | D:4      | Reached XP level 6. HP: 37/42 MP: 9/9
  4534 | D:4      | Found an opulent altar of Gozag.
  4832 | D:4      | Reached skill level 5 in Unarmed Combat
  4935 | D:4      | HP: 1/42 [orc/mace (5)]
  4949 | D:4      | Reached XP level 7. HP: 12/47 MP: 10/10
  4955 | D:4      | HP: 2/47 [orc (3)]
  5656 | D:5      | Entered Level 5 of the Dungeon
  5662 | D:4      | Reached skill level 6 in Unarmed Combat
  5787 | D:5      | Slain by a gnoll

Vault maps used:
D:1:      evilmike_arrival_crescent
D:2:      first_ration, kennysheep_generic_room_6
D:3:      gammafunk_temple_overflow_pools, uniq_terence
D:4:      grunt_gozag_statues, serial_shops, shop

Skill      XL: |  1  2  3  4  5  6  7 |
---------------+----------------------+-----
Unarmed Combat | 1 2 3 4 5 6 |  6.1
Fighting       | 1 2 3 4 |  4.1
Dodging        | |  2.0
Stealth        | |  2.6
Spellcasting   | |  2.0
Summonings     | |  4.0

Action                   |  1- 3 |  4- 6 |  7- 9 || total
-------------------------+-------+-------+-------++-------
Melee: Unarmed           |    99 |   155 |    32 ||   286
       Constrict         |    29 |    33 |     8 ||    70
       Tentacles         |    13 |    23 |     4 ||    40
       Punch             |     3 |     4 |       ||     7
 Cast: Summon Small Mamm |     7 |     1 |       ||     8
       Call Canine Famil |       |     5 |     3 ||     8
  Use: Potion            |     5 |     1 |       ||     6
       Scroll            |       |     2 |     3 ||     5
 Stab: Sleeping          |     7 |     3 |     1 ||    11
  Eat: Chunk             |     4 |     9 |     4 ||    17
Armor: Skin              |    12 |     8 |       ||    20
Dodge: Dodged            |    75 |    68 |    20 ||   163

Table legend:
 A = Non-vault XP
 B = Vault XP
 C = Vault XP percentage of total XP
 D = Non-vault monster count
 E = Vault monster count
 F = Vault count percentage of total count
                 A         B        C        D         E       F
            +---------+---------+-------+---------+---------+-------
      Total |     780 |      39 |   4.8 |      81 |       4 |   4.7
            +---------+---------+-------+---------+---------+-------
        D:1 |      46 |       0 |   0.0 |      24 |       0 |   0.0
        D:2 |      18 |      16 |  47.1 |       5 |       3 |  37.5
        D:3 |     183 |      23 |  11.2 |      30 |       1 |   3.2
        D:4 |     506 |       0 |   0.0 |      20 |       0 |   0.0
        D:5 |      27 |       0 |   0.0 |       2 |       0 |   0.0
            +---------+---------+-------+---------+---------+-------
